 Dungeon Crawl Stone Soup version 0.30.0-20-g3615ddf2f0 (webtiles) character file.

Game seed: 1503093020882825283

175145 qw the Severer (level 18, -6/120 HPs)
             Began as a Gargoyle Fighter on May 29, 2023.
             Was a High Priest of Okawaru.
             Mangled by a 13-headed hydra (9 damage)
             ... on level 4 of the Swamp.
             The game lasted 00:17:03 (27716 turns).

qw the Severer (Gargoyle Fighter)                  Turns: 27716, Time: 00:17:04

Health: -6/120     AC: 45    Str: 32    XL:     18   Next: 8%
Magic:  25/25      EV: 14    Int: 11    God:    Okawaru [*****.]
Gold:   252        SH: 21    Dex: 12    Spells: 17/17 levels left

rFire   + . .        v - +9 war axe (vamp)
rCold   . . .        L - +0 tower shield {AC+3}
rNeg    + . .        J - +2 chain mail of Honour {rF+ Regen+}
rPois   inf          e - +0 helmet
rElec   +            m - scarf {repulsion}
rCorr   .            k - +2 pair of gloves {Dex+3}
SInv    +            K - +1 pair of boots {Fly}
Will    +....        x - amulet of faith Stlth
                     g - ring of the Turtle {Str+6 SInv}
HPRegen 1.20/turn    f - +4 ring of protection
MPRegen 0.19/turn

%: repel missiles, faith
@: about to teleport, heroic, flying
A: sickness immunity, AC +13, big wings, negative energy resistance 1,
electricity resistance, torment resistance 1, petrification resistance
a: Renounce Religion, Heroism, Finesse, Duel


You were on level 4 of the Swamp.
You worshipped Okawaru.
Okawaru was extremely pleased with you.
You visited 6 branches of the dungeon, and saw 30 of its levels.

You collected 3911 gold pieces.
You spent 3659 gold pieces at shops.


Innate Abilities, Weirdness & Mutations

You are immune to sickness and miasma.
Your stone body is resilient. (AC +13)
You are immune to poison.
Your large and strong wings let you fly.
You resist negative energy. (rN+)
You are resistant to electric shocks. (rElec)
You are resistant to unholy torment.
You are immune to petrification.


   Skills:
 - Level 15.6(20.6) Fighting
 - Level 16.0(21.0) Axes
 - Level 9.0(14.0) Throwing
 - Level 13.0(18.0) Armour
 - Level 7.0(12.0) Dodging
 + Level 15.9(20.9) Shields
 - Level 10.0 Invocations


You had 17 spell levels left.
You didn't know any spells.
Your spell library was empty.

Inventory:

Hand Weapons
 v - a +9 vampiric war axe (weapon)
 G - a +3 war axe of holy wrath
Missiles
 u - 5 silver javelins (quivered)
 B - 6 javelins
 E - 19 boomerangs
Armour
 c - a +0 cloak of willpower
 e - a +0 helmet (worn)
 k - a +2 pair of gloves of dexterity (worn)
 m - a scarf of repulsion (worn)
 I - the +1 chain mail of the Crafting Gods {Regen+ Dex+4}
   (You bought it in a shop on level 2 of the Orcish Mines)

   Dex:       It affects your dexterity (+4).
   Regen:     It increases your rate of health regeneration.
 J - the +2 chain mail of Honour (worn) {rF+ Regen+}
   (You bought it in a shop on level 2 of the Snake Pit)

   rF:        It protects you from fire.
   Regen:     It increases your rate of health regeneration.
 K - a +1 pair of boots of flying (worn)
 L - a +0 tower shield of protection (worn)
Jewellery
 f - a +4 ring of protection (right hand)
 g - the ring of the Turtle (left hand) {Str+6 SInv}
   (You found it on level 14 of the Dungeon)

   [ring of strength]

   Str:       It affects your strength (+6).
   SInv:      It lets you see invisible.
 x - an amulet of faith (around neck)
 y - a ring of protection from fire
 A - a ring of resist corrosion
 C - an amulet of reflection
 D - a ring of ice
 H - a ring of protection from cold
Wands
 t - a wand of digging (6)
Scrolls
 a - 6 scrolls of identify
 h - 13 scrolls of teleportation
Potions
 d - 9 potions of might
 i - 3 potions of attraction
 j - 9 potions of heal wounds
 n - a potion of resistance
 o - 15 potions of curing
 p - 8 potions of haste
 q - 4 potions of lignification
 w - 3 potions of mutation
 z - 3 potions of magic
 F - 2 potions of cancellation

Dungeon Overview and Level Annotations

Branches:
Dungeon (15/15)            Temple (1/1) D:5            Lair (5/5) D:11
  Swamp (4/4) Lair:2        Snake (3/4) Lair:3        Slime (0/5) Lair:5
    Orc (2/2) D:9             Elf (0/3) Orc:2        Vaults (0/5) D:13
 Depths (0/4) D:15

Altars:
Ashenzari
Cheibriados
Dithmenos
Elyvilon
Fedhas
Gozag
Hepliaklqana
Kikubaaqudgha
Makhleb
Nemelex Xobeh
Okawaru
Qazlal
Ru
Sif Muna
Trog
Uskayaw
Vehumet
Wu Jian
Xom
Yredelemnul
Zin
The Shining One

Shops:
D:5 (   D:13 [((*=   Orc:2 [(:(   Snake:1 (!:   Snake:2 [[([

Annotations:
D:9 2 transporters, qw's ghost, journeyman GrCA
D:13 3 runed translucent doors, Mallanif's ghost, journeyman GnTm; Xuta's ghost, journeyman FoFi
Swamp:1 3 runed translucent doors, qw's ghost, adept GrFi
Orc:1 1 runed translucent door, Ciata's ghost, journeyman MiBe


Message History

The 11-headed hydra bites you but does no damage.
You block the 11-headed hydra's attack.
The 11-headed hydra bites you but does no damage.
The 17-headed hydra bites you but does no damage. x2
The 17-headed hydra closely misses you.
The 17-headed hydra barely misses you. x2
The 17-headed hydra bites you but does no damage. x2
The 17-headed hydra completely misses you.
The 17-headed hydra bites you but does no damage. x7
The 17-headed hydra misses you. You block the 17-headed hydra's attack.
The swamp dragon bites you but does no damage.
The swamp dragon claws you but does no damage.
The swamp dragon tramples you but does no damage.
The spriggan rider barely misses you.
The 15-headed hydra bites you but does no damage. x2
The 15-headed hydra bites you.
The 15-headed hydra bites you but does no damage. x2
You block the 15-headed hydra's attack. The 15-headed hydra bites you!
The 15-headed hydra bites you but does no damage. x2
The 15-headed hydra bites you.
The 15-headed hydra bites you but does no damage.
The 15-headed hydra misses you.
The 15-headed hydra bites you but does no damage.
The 15-headed hydra bites you.
The 15-headed hydra bites you but does no damage.
The nine-headed hydra barely misses you.
The nine-headed hydra bites you but does no damage.
The nine-headed hydra barely misses you.
The nine-headed hydra bites you but does no damage.
The nine-headed hydra barely misses you.
The nine-headed hydra bites you but does no damage.
You block the nine-headed hydra's attack.
The nine-headed hydra bites you.
The nine-headed hydra bites you but does no damage.
The 13-headed hydra bites you but does no damage.
The 13-headed hydra closely misses you.
The 13-headed hydra bites you but does no damage.
The 13-headed hydra closely misses you.
The 13-headed hydra bites you but does no damage.
The 13-headed hydra bites you! x2
You die...

.7~~.~ ~.
7....7 .
77~~~~77 77~
77.~~~~.7
7.~.7~.~~¤~.7
.~..7.~i~~~~7
7~¤DD~~~~7
7~~D@D..~7
7~7.DDD..77
7~k~Dk0~~~.7
7~7~~~.7~¤~7
¤. .¤..~~.!77
D~#
.##~.~~.... 7
.. ##7~.7~...
.. ~¤~7~..
..! 77~77~


You could see a 17-headed hydra, a 15-headed hydra, a 13-headed hydra, a
11-headed hydra, a nine-headed hydra, a seven-headed hydra, a four-headed hydra,
a swamp dragon, a spriggan rider and 2 swamp drakes.

Vanquished Creatures
  Jorgrun (Swamp:2)
  Rupert (D:14)
  Agnes (D:15)
  Gastronok (Lair:3)
  Donald (Orc:2)
  2 thorn hunters
  3 ghouls (Swamp:3)
  An orc warlord (Orc:2)
  A stone giant (D:15)
  6 bunyips
  7 eleionomae
  A shambling mangrove (Swamp:4)
  4 vault guards (D:13)
  20 hydras
  A salamander tyrant (Snake:2)
  An ogre mage (D:15)
  5 centaur warriors
  7 two-headed ogres
  Erica (D:9)
  7 catoblepae
  4 naga warriors
  8 alligators
  4 anacondas (Snake:3)
  3 tengu warriors (D:15)
  20 death yaks
  2 orc high priests
  5 naga sharpshooters
  5 shock serpents
  5 spriggan druids
  5 bog bodies
  10 swamp dragons
  2 orc knights (Orc:2)
  6 naga ritualists
  A harpy (shapeshifter) (D:15)
  4 mana vipers
  A deep elf pyromancer (D:13)
  4 oklob plants
  7 will-o-the-wisps
  2 orc sorcerers
  8 salamanders
  2 ugly things (D:11)
  5 cyclopes
  5 manticores
  25 black mambas
  A torpor snail (D:11)
  6 naga magi
  A guardian serpent (Snake:1)
  2 gargoyles
  A cane toad (shapeshifter) (D:14)
  13 cane toads
  4 yaktaurs (D:15)
  Psyche (D:11)
  2 kobold demonologists (D:12)
  9 komodo dragons
  A tengu conjurer (D:15)
  2 efreet
  A freezing wraith (D:15)
  6 rime drakes
  8 trolls
  A queen bee (shapeshifter) (D:15)
  5 polar bears
  3 tyrant leeches
  12 hornets
  5 dream sheep (Lair:5)
  12 slime creatures
  20 blink frogs
  2 shadows
  8 wyverns
  A wraith (D:13)
  56 yaks
  A vampire (D:9)
  21 spriggans
  4 basilisks
  A golden eye (shapeshifter) (D:13)
  5 vampire mosquitoes
  A steam dragon (D:6)
  5 wargs (Orc:2)
  13 swamp worms
  13 nagas
  33 water moccasins
  A hell hound (Lair:4)
  29 orc warriors
  4 swamp drakes
  A sky beast (D:7)
  2 black bears
  18 wolves
  8 ogres
  3 boggarts (Lair:3)
  12 centaurs
  6 kobold brigands
  3 phantoms
  A gnoll sergeant (D:4)
  9 bullfrogs
  3 scorpions
  8 wights
  A necrophage (Swamp:3)
  6 killer bees (D:7)
  5 electric eels
  4 howler monkeys
  8 jellies
  6 hounds
  23 orc priests
  A gnoll bouda (D:5)
  8 iguanas
  An iron imp (D:3)
  22 orc wizards
  7 hell rats
  14 gnolls
  22 adders
  A river rat (D:11)
  A white imp (D:5)
  3 ufetubi
  2 worms
  2 dart slugs (D:5)
  116 orcs
  4 bats
  18 endoplasms
  3 giant cockroaches
  12 goblins
  7 hobgoblins
  3 jackals (D:2)
  3 quokkas
  10 ball pythons
  A frilled lizard (D:1)
  20 kobolds
  6 rats
943 creatures vanquished.

Vanquished Creatures (others)
  A salamander (Snake:3)
  An orc (Orc:2)
  11 foxfires
13 creatures vanquished.

Grand Total: 956 creatures vanquished

Notes
Turn   | Place    | Note
-------+----------+-------------------------------------------
     0 | D:1      | qw the Gargoyle Fighter began the quest for the Orb.
     0 | D:1      | Reached XP level 1. HP: 14/14 MP: 1/1
     0 | D:1      | 0 ||| qw: Version: 0.2-a-102-g2b76a06
     0 | D:1      | 0 ||| qw: Game counter: 423
     0 | D:1      | 0 ||| qw: Always use a shield: true
     0 | D:1      | 0 ||| qw: God list: Okawaru
     0 | D:1      | 0 ||| qw: Allow faded altars: false
     0 | D:1      | 0 ||| qw: Do Orc after D:15 true
     0 | D:1      | 0 ||| qw: Do second Lair branch before Depths: true
     0 | D:1      | 0 ||| qw: Lair rune preference: random
     0 | D:1      | 0 ||| qw: Plans: Normal, Zot:1-4, Slime:5, God:TSO, Crypt,
                  | Tomb, Pan, Hells, Abyss, Win
     0 | D:1      | 0 ||| PLANNING D:1-11
    46 | D:1      | Reached skill level 2 in Axes
   111 | D:1      | 111 ||| DROPPING +0 club.
   130 | D:1      | 130 ||| Stepping ~*~*~tactically~*~*~ (stealth).
   141 | D:1      | Reached XP level 2. HP: 19/19 MP: 2/2
   265 | D:1      | 265 ||| Stepping ~*~*~tactically~*~*~ (stealth).
   284 | D:1      | 284 ||| Stepping ~*~*~tactically~*~*~ (stealth).
   294 | D:1      | 294 ||| Stepping ~*~*~tactically~*~*~ (stealth).
   303 | D:1      | Reached skill level 3 in Axes
   303 | D:1      | Reached XP level 3. HP: 23/23 MP: 3/3
   449 | D:1      | You fall into a shaft and drop 1 floor!
   556 | D:2      | 556 ||| UPGRADING to ring of protection from fire.
   557 | D:2      | 557 ||| UPGRADING to +4 ring of protection.
   558 | D:2      | 558 ||| READING 3 scrolls labelled TIOZ DUYJUA.
   559 | D:2      | 559 ||| READING scroll labelled VYMUBI YGALA.
   660 | D:2      | 660 ||| READING scroll labelled MUHINE EHUXTIN.
   661 | D:2      | 661 ||| DRINKING 3 viscous grey potions.
   662 | D:2      | 662 ||| READING 2 scrolls of identify.
   662 | D:2      | 662 ||| IDENTIFYING green potion
   663 | D:2      | 663 ||| DROPPING potion of magic.
   841 | D:1      | 841 ||| READING scroll labelled FUEHUR ROIH.
  1052 | D:2      | Found a faded altar of an unknown god.
  1152 | D:2      | 1152 ||| READING scroll labelled ICAGOT IMAAD.
  1153 | D:2      | 1153 ||| READING scroll labelled HOAKKEO PIAXKA.
  1154 | D:2      | 1154 ||| READING scroll labelled MUROEGG GEYT.
  1157 | D:2      | 1157 ||| DRINKING 2 silvery potions.
  1158 | D:2      | 1158 ||| DRINKING 2 brown potions.
  1159 | D:2      | 1159 ||| READING 2 scrolls of identify.
  1159 | D:2      | 1159 ||| IDENTIFYING white potion
  1160 | D:2      | 1160 ||| DROPPING potion of degeneration.
  1161 | D:2      | 1161 ||| DROPPING potion of flight.
  1162 | D:2      | 1162 ||| DROPPING potion of brilliance.
  1288 | D:3      | Found a shadowy altar of Dithmenos.
  1335 | D:3      | Reached XP level 4. HP: 28/28 MP: 4/4
  1384 | D:3      | Reached skill level 4 in Axes
  1445 | D:3      | Noticed a +0 hand axe
  1446 | D:3      | Found a hide-covered altar of Uskayaw.
  1446 | D:3      | Noticed a +0 dagger
  1553 | D:3      | Found a glowing golden altar of the Shining One.
  1592 | D:3      | Found a snail-covered altar of Cheibriados.
  1840 | D:3      | Found an opulent altar of Gozag.
  2059 | D:3      | Reached XP level 5. HP: 32/32 MP: 5/5
  2128 | D:3      | 2128 ||| UPGRADING to +0 chain mail.
  2138 | D:3      | 2138 ||| DROPPING +0 scale mail.
  2139 | D:3      | 2139 ||| DROPPING +6 ring of intelligence.
  2140 | D:3      | 2140 ||| READING 3 scrolls labelled YSHUDA PORCH.
  2141 | D:3      | 2141 ||| READING scroll labelled OTZARCHOINO.
  2142 | D:3      | 2142 ||| DRINKING 3 golden potions.
  2143 | D:3      | 2143 ||| READING 4 scrolls of identify.
  2143 | D:3      | 2143 ||| IDENTIFYING fuming emerald potion
  2144 | D:3      | 2144 ||| DROPPING 2 scrolls of blinking.
  2212 | D:4      | Reached skill level 5 in Axes
  2213 | D:4      | HP: 6/32 [gnoll/+0 halberd[a gnoll sergeant] (5)]
  2214 | D:4      | 2214 ||| DRINKING 2 potions of heal wounds.
  2224 | D:4      | Reached XP level 6. HP: 11/39 MP: 6/6
  2330 | D:4      | 2330 ||| DROPPING +0 whip.
  2467 | D:4      | 2467 ||| Stepping ~*~*~tactically~*~*~ (stealth).
  2468 | D:4      | 2468 ||| Stepping ~*~*~tactically~*~*~ (stealth).
  2478 | D:4      | 2478 ||| Stepping ~*~*~tactically~*~*~ (stealth).
  2479 | D:4      | 2479 ||| Stepping ~*~*~tactically~*~*~ (stealth).
  2480 | D:4      | 2480 ||| Stepping ~*~*~tactically~*~*~ (stealth).
  2481 | D:4      | 2481 ||| Stepping ~*~*~tactically~*~*~ (stealth).
  2569 | D:4      | 2569 ||| Stepping ~*~*~tactically~*~*~ (stealth).
  2614 | D:4      | 2614 ||| Stepping ~*~*~tactically~*~*~ (hiding).
  2762 | D:4      | 2762 ||| Stepping ~*~*~tactically~*~*~ (stealth).
  2769 | D:4      | 2769 ||| Stepping ~*~*~tactically~*~*~ (stealth).
  2770 | D:4      | 2770 ||| Stepping ~*~*~tactically~*~*~ (stealth).
  2953 | D:4      | Reached skill level 6 in Axes
  2953 | D:4      | Reached XP level 7. HP: 35/44 MP: 7/7
  3293 | D:4      | Reached skill level 1 in Dodging
  3561 | D:4      | 3561 ||| UPGRADING to +0 pair of boots.
  3566 | D:4      | 3566 ||| UPGRADING to scarf of repulsion.
  3571 | D:4      | 3571 ||| READING scroll labelled LOXISTRAIRCH.
  3572 | D:4      | 3572 ||| READING 3 scrolls of identify.
  3572 | D:4      | 3572 ||| IDENTIFYING inky potion
  3573 | D:4      | 3573 ||| READING 2 scrolls of identify.
  3573 | D:4      | 3573 ||| IDENTIFYING cyan potion
  3609 | D:5      | Entered Level 5 of the Dungeon
  3615 | D:5      | 3615 ||| Stepping ~*~*~tactically~*~*~ (stealth).
  3617 | D:5      | 3617 ||| Stepping ~*~*~tactically~*~*~ (hiding).
  3669 | D:5      | 3669 ||| FLEEEEING.
  3674 | D:5      | 3674 ||| FLEEEEING.
  3675 | D:5      | 3675 ||| STAIRDANCE
  3725 | D:5      | Reached skill level 7 in Axes
  3823 | D:5      | 3823 ||| SWAPPING to +1 vampiric hand axe.
  3848 | D:5      | Found a sparkling altar of Nemelex Xobeh.
  3881 | D:5      | Reached XP level 8. HP: 50/50 MP: 8/8
  4009 | D:5      | Reached skill level 8 in Axes
  4154 | D:5      | Reached skill level 6 in Fighting
  4286 | D:5      | 4286 ||| Stepping ~*~*~tactically~*~*~ (hiding).
  4288 | D:5      | 4288 ||| Stepping ~*~*~tactically~*~*~ (stealth).
  4438 | D:5      | 4438 ||| DROPPING +0 flail.
  4480 | D:5      | Reached skill level 1 in Throwing
  4681 | D:5      | Found Elur's Antique Weapon Shop.
  4694 | D:5      | 4694 ||| BUYING glowing war axe (143 gold).
  4694 | D:5      | Bought a glowing war axe for 143 gold pieces
  4694 | D:5      | 4694 ||| BUYING runed war axe (143 gold).
  4694 | D:5      | Bought a runed war axe for 143 gold pieces
  4694 | D:5      | 4694 ||| SWAPPING to +2 vampiric war axe.
  4695 | D:5      | 4695 ||| DROPPING +1 war axe of freezing.
  4696 | D:5      | 4696 ||| DROPPING +1 vampiric hand axe.
  4697 | D:5      | 4697 ||| DROPPING +1 war axe.
  4784 | D:5      | Found a staircase to the Ecumenical Temple.
  4785 | D:5      | 4785 ||| PLANNING TEMPLE
  4785 | D:5      | 4785 ||| DROPPING +0 robe of resistance.
  4786 | D:5      | 4786 ||| UPGRADING to +0 plate armour.
  4796 | D:5      | 4796 ||| DROPPING +0 chain mail.
  4802 | Temple   | Entered the Ecumenical Temple
  4895 | Temple   | 4895 ||| PLANNING D:1-11
  5155 | D:5      | 5155 ||| READING scroll labelled APNOCZ PEDAE.
  5197 | D:6      | Found a shimmering blue altar of Sif Muna.
  5278 | D:6      | Reached XP level 9. HP: 53/55 MP: 9/9
  5317 | D:6      | 5317 ||| Stepping ~*~*~tactically~*~*~ (stealth).
  5405 | D:6      | Reached skill level 9 in Axes
  5463 | D:6      | Found a basalt altar of Yredelemnul.
  5495 | D:6      | 5495 ||| Stepping ~*~*~tactically~*~*~ (hiding).
  5730 | D:6      | 5730 ||| READING scroll labelled FITEWU RYASOUMN.
  5731 | D:6      | 5731 ||| READING scroll labelled QYF FOTITIUV.
  5732 | D:6      | 5732 ||| READING 3 scrolls of identify.
  5732 | D:6      | 5732 ||| IDENTIFYING coppery potion
  5805 | D:7      | 5805 ||| Stepping ~*~*~tactically~*~*~ (hiding).
  5809 | D:7      | 5809 ||| Stepping ~*~*~tactically~*~*~ (hiding).
  5889 | D:7      | Found an ornate altar of the Wu Jian Council.
  5950 | D:7      | Reached skill level 6 in Armour
  5951 | D:7      | 5951 ||| Stepping ~*~*~tactically~*~*~ (stealth).
  6062 | D:7      | Noticed a hornet
  6080 | D:7      | Killed a hornet
  6403 | D:7      | 6403 ||| Stepping ~*~*~tactically~*~*~ (stealth).
  6412 | D:7      | Reached skill level 10 in Axes
  6418 | D:7      | Reached XP level 10. HP: 52/63 MP: 10/10
  6666 | D:7      | 6666 ||| READING scroll of enchant weapon.
  6666 | D:7      | 6666 ||| ENCHANTING +2 vampiric war axe.
  6783 | D:7      | 6783 ||| READING 3 scrolls of identify.
  6783 | D:7      | 6783 ||| IDENTIFYING red potion
  6784 | D:7      | 6784 ||| DROPPING potion of invisibility.
  6886 | D:8      | 6886 ||| READING scroll of enchant weapon.
  6886 | D:8      | 6886 ||| ENCHANTING +3 vampiric war axe.
  7050 | D:8      | 7050 ||| FLEEEEING.
  7174 | D:8      | Found an ancient bone altar of Kikubaaqudgha.
  7513 | D:8      | Found a glowing silver altar of Zin.
  7516 | D:8      | 7516 ||| READING 2 scrolls of identify.
  7516 | D:8      | 7516 ||| IDENTIFYING fizzy inky potion
  7563 | D:9      | 7563 ||| Stepping ~*~*~tactically~*~*~ (stealth).
  7672 | D:9      | Found a transporter.
  7672 | D:9      | Noticed qw's ghost (journeyman GrCA)
  7789 | D:9      | Found a white marble altar of Elyvilon.
  7817 | D:9      | Found a transporter.
  7865 | D:9      | Noticed Erica
  7877 | D:9      | 7877 ||| DRINKING 12 potions of curing.
  7877 | D:9      | 7877 ||| (to cure confusion)
  7883 | D:9      | Killed Erica
  7884 | D:9      | Reached skill level 11 in Axes
  8119 | D:9      | 8119 ||| Stepping ~*~*~tactically~*~*~ (stealth).
  8170 | D:9      | 8170 ||| Stepping ~*~*~tactically~*~*~ (stealth).
  8192 | D:9      | Reached skill level 9 in Fighting
  8233 | D:9      | 8233 ||| Stepping ~*~*~tactically~*~*~ (hiding).
  8252 | D:9      | Reached XP level 11. HP: 42/71 MP: 11/11
  8553 | D:9      | Found a staircase to the Orcish Mines.
  8618 | D:10     | Entered Level 10 of the Dungeon
  8618 | D:10     | Noticed a two-headed ogre
  8625 | D:10     | 8625 ||| STAIRDANCE
  8629 | D:9      | HP: 10/71 [two-headed ogre/+0 giant club (15)]
  8630 | D:9      | 8630 ||| READING 6 scrolls of teleportation.
  8631 | D:9      | 8631 ||| DRINKING 2 potions of heal wounds.
  8640 | D:9      | Killed a two-headed ogre
  8813 | D:10     | Reached skill level 12 in Axes
  8836 | D:10     | Noticed a two-headed ogre
  8851 | D:10     | Killed a two-headed ogre
  8890 | D:10     | 8890 ||| Stepping ~*~*~tactically~*~*~ (stealth).
  8902 | D:10     | 8902 ||| Stepping ~*~*~tactically~*~*~ (hiding).
  8903 | D:10     | 8903 ||| Stepping ~*~*~tactically~*~*~ (hiding).
  8904 | D:10     | 8904 ||| Stepping ~*~*~tactically~*~*~ (hiding).
  8905 | D:10     | 8905 ||| Stepping ~*~*~tactically~*~*~ (hiding).
  9131 | D:10     | Found an iron altar of Okawaru.
  9132 | D:10     | 9132 ||| PLANNING OKAWARU WORSHIP
  9134 | D:10     | 9134 ||| DROPPING ring of wizardry.
  9142 | D:10     | Became a worshipper of Warmaster Okawaru
  9142 | D:10     | 9142 ||| PLANNING D:1-11
  9213 | D:10     | Reached skill level 6 in Shields
  9266 | D:10     | Reached * piety under Okawaru
  9286 | D:10     | 9286 ||| READING scroll of enchant weapon.
  9286 | D:10     | 9286 ||| ENCHANTING +4 vampiric war axe.
  9296 | D:10     | 9296 ||| INVOKING Heroism.
  9355 | D:10     | Reached skill level 1 in Invocations
  9517 | D:11     | 9517 ||| INVOKING Heroism.
  9588 | D:11     | Noticed a death yak
  9589 | D:11     | 9589 ||| Stepping ~*~*~tactically~*~*~ (hiding).
  9590 | D:11     | 9590 ||| INVOKING Heroism.
  9591 | D:11     | 9591 ||| Stepping ~*~*~tactically~*~*~ (hiding).
  9594 | D:11     | Noticed a death yak
  9594 | D:11     | Noticed a death yak
  9595 | D:11     | 9595 ||| Stepping ~*~*~tactically~*~*~ (hiding).
  9608 | D:11     | 9608 ||| INVOKING Heroism.
  9610 | D:11     | Killed a death yak
  9617 | D:11     | Killed a death yak
  9617 | D:11     | Reached ** piety under Okawaru
  9618 | D:11     | Reached skill level 3 in Invocations
  9628 | D:11     | Killed a death yak
  9634 | D:11     | 9634 ||| INVOKING Heroism.
  9648 | D:11     | 9648 ||| Stepping ~*~*~tactically~*~*~ (stealth).
  9684 | D:11     | Noticed a white ugly thing
  9685 | D:11     | 9685 ||| Stepping ~*~*~tactically~*~*~ (stealth).
  9686 | D:11     | 9686 ||| INVOKING Heroism.
  9694 | D:11     | Killed a white ugly thing
  9748 | D:11     | Found a staircase to the Lair.
  9777 | D:11     | 9777 ||| READING scroll of enchant weapon.
  9777 | D:11     | 9777 ||| ENCHANTING +5 vampiric war axe.
  9818 | D:11     | Noticed Psyche
  9826 | D:11     | HP: 18/72 [something (3)]
  9828 | D:11     | HP: 2/72 [something (15)]
  9834 | D:11     | Killed Psyche
  9835 | D:11     | Reached XP level 12. HP: 4/77 MP: 15/15
 10201 | D:11     | 10201 ||| INVOKING Heroism.
 10207 | D:11     | HP: 13/77 [white ugly thing (26)]
 10208 | D:11     | 10208 ||| READING 5 scrolls of teleportation.
 10209 | D:11     | 10209 ||| DRINKING 3 potions of heal wounds.
 10211 | D:11     | Reached skill level 13 in Axes
 10494 | D:11     | 10494 ||| PLANNING LAIR
 10502 | Lair:1   | Entered Level 1 of the Lair of Beasts
 10504 | Lair:1   | 10504 ||| Stepping ~*~*~tactically~*~*~ (stealth).
 10507 | Lair:1   | 10507 ||| FLEEEEING.
 10508 | Lair:1   | 10508 ||| STAIRDANCE
 10512 | Lair:1   | 10512 ||| STAIRDANCE
 10529 | Lair:1   | 10529 ||| STAIRDANCE
 10531 | D:11     | 10531 ||| INVOKING Heroism.
 10563 | Lair:1   | 10563 ||| Stepping ~*~*~tactically~*~*~ (stealth).
 10569 | Lair:1   | 10569 ||| FLEEEEING.
 10570 | Lair:1   | 10570 ||| FLEEEEING.
 10571 | Lair:1   | 10571 ||| FLEEEEING.
 10572 | Lair:1   | 10572 ||| FLEEEEING.
 10580 | Lair:1   | Reached skill level 9 in Armour
 10783 | Lair:1   | 10783 ||| INVOKING Heroism.
 10899 | Lair:1   | Reached *** piety under Okawaru
 11313 | Lair:1   | 11313 ||| UPGRADING to amulet of faith.
 11318 | Lair:1   | 11318 ||| READING 4 scrolls of identify.
 11318 | Lair:1   | 11318 ||| IDENTIFYING bubbling red potion
 11368 | Lair:2   | 11368 ||| STAIRDANCE
 11393 | Lair:2   | Noticed a seven-headed hydra
 11394 | Lair:2   | 11394 ||| INVOKING Heroism.
 11399 | Lair:2   | 11399 ||| SWAPPING to +0 morningstar.
 11401 | Lair:2   | Killed a seven-headed hydra
 11402 | Lair:2   | 11402 ||| SWAPPING to +6 vampiric war axe.
 11417 | Lair:2   | Found a staircase to the Swamp.
 11453 | Lair:2   | Noticed a four-headed hydra
 11454 | Lair:2   | 11454 ||| INVOKING Heroism.
 11459 | Lair:2   | 11459 ||| SWAPPING to +0 morningstar.
 11462 | Lair:2   | Killed a four-headed hydra
 11463 | Lair:2   | Reached skill level 14 in Axes
 11463 | Lair:2   | 11463 ||| SWAPPING to +6 vampiric war axe.
 11742 | Lair:2   | Noticed a seven-headed hydra
 11743 | Lair:2   | 11743 ||| INVOKING Heroism.
 11748 | Lair:2   | 11748 ||| SWAPPING to +0 morningstar.
 11753 | Lair:2   | Killed a seven-headed hydra
 11754 | Lair:2   | 11754 ||| SWAPPING to +6 vampiric war axe.
 11759 | Lair:2   | Reached **** piety under Okawaru
 11771 | Lair:2   | 11771 ||| INVOKING Heroism.
 11798 | Lair:2   | 11798 ||| INVOKING Heroism.
 11799 | Lair:2   | 11799 ||| DRINKING potion of cancellation.
 11902 | Lair:2   | Noticed a four-headed hydra
 11903 | Lair:2   | 11903 ||| INVOKING Heroism.
 11905 | Lair:2   | 11905 ||| Stepping ~*~*~tactically~*~*~ (stealth).
 11907 | Lair:2   | 11907 ||| SWAPPING to +0 morningstar.
 11918 | Lair:2   | Killed a four-headed hydra
 11919 | Lair:2   | 11919 ||| SWAPPING to +6 vampiric war axe.
 12045 | Lair:2   | 12045 ||| Stepping ~*~*~tactically~*~*~ (stealth).
 12113 | Lair:2   | Identified the +5 shortbow of a ziggurat {freeze, rF+ rC+
                  | rN+}
 12337 | Lair:3   | 12337 ||| PLANNING GAUNTLET
 12397 | Lair:3   | 12397 ||| Stepping ~*~*~tactically~*~*~ (stealth).
 12399 | Lair:3   | 12399 ||| Stepping ~*~*~tactically~*~*~ (stealth).
 12401 | Lair:3   | 12401 ||| Stepping ~*~*~tactically~*~*~ (stealth).
 12508 | Lair:3   | Reached XP level 13. HP: 84/84 MP: 16/16
 12515 | Lair:3   | Noticed Gastronok
 12516 | Lair:3   | 12516 ||| INVOKING Heroism.
 12539 | Lair:3   | Killed Gastronok
 12539 | Lair:3   | Received a gift from Okawaru
 12545 | Lair:3   | 12545 ||| Stepping ~*~*~tactically~*~*~ (stealth).
 12681 | Lair:3   | 12681 ||| INVOKING Heroism.
 12684 | Lair:3   | 12684 ||| SWAPPING to +0 morningstar.
 12692 | Lair:3   | Reached skill level 6 in Invocations
 12692 | Lair:3   | 12692 ||| SWAPPING to +6 vampiric war axe.
 12694 | Lair:3   | Reached ***** piety under Okawaru
 12709 | Lair:3   | Reached skill level 3 in Throwing
 12733 | Lair:3   | 12733 ||| INVOKING Heroism.
 12734 | Lair:3   | 12734 ||| Stepping ~*~*~tactically~*~*~ (stealth).
 12735 | Lair:3   | 12735 ||| INVOKING Finesse.
 12804 | Lair:3   | 12804 ||| Stepping ~*~*~tactically~*~*~ (stealth).
 12805 | Lair:3   | 12805 ||| Stepping ~*~*~tactically~*~*~ (stealth).
 12826 | Lair:3   | 12826 ||| RIP GAUNTLET
 12828 | Lair:3   | 12828 ||| PLANNING LAIR
 12842 | Lair:3   | 12842 ||| INVOKING Heroism.
 12843 | Lair:3   | 12843 ||| INVOKING Finesse.
 12858 | Lair:3   | Received a gift from Okawaru
 12883 | Lair:3   | 12883 ||| INVOKING Heroism.
 12888 | Lair:3   | 12888 ||| SWAPPING to +0 morningstar.
 12892 | Lair:3   | 12892 ||| SWAPPING to +6 vampiric war axe.
 12913 | Lair:3   | 12913 ||| INVOKING Finesse.
 13013 | Lair:3   | 13013 ||| FLEEEEING.
 13018 | Lair:3   | 13018 ||| INVOKING Heroism.
 13167 | Lair:3   | 13167 ||| INVOKING Heroism.
 13169 | Lair:3   | 13169 ||| Stepping ~*~*~tactically~*~*~ (stealth).
 13173 | Lair:3   | 13173 ||| Stepping ~*~*~tactically~*~*~ (stealth).
 13192 | Lair:3   | Found a staircase to the Snake Pit.
 13288 | Lair:3   | 13288 ||| INVOKING Heroism.
 13629 | Lair:3   | 13629 ||| DROPPING orb of wrath.
 13630 | Lair:3   | 13630 ||| READING scroll labelled DYNIEME SECOGU.
 13631 | Lair:3   | 13631 ||| READING scroll labelled NOYNIFR NEWNA.
 13632 | Lair:3   | 13632 ||| DRINKING 2 sapphire potions.
 13633 | Lair:3   | 13633 ||| DRINKING 14 potions of curing.
 13633 | Lair:3   | 13633 ||| (to cure confusion)
 13634 | Lair:3   | 13634 ||| DROPPING potion of ambrosia.
 13677 | Lair:4   | 13677 ||| Stepping ~*~*~tactically~*~*~ (stealth).
 13751 | Lair:4   | 13751 ||| INVOKING Heroism.
 13752 | Lair:4   | 13752 ||| INVOKING Finesse.
 13758 | Lair:4   | Reached skill level 15 in Axes
 13765 | Lair:4   | Received a gift from Okawaru
 13778 | Lair:4   | Reached skill level 9 in Invocations
 13785 | Lair:4   | Received a gift from Okawaru
 13849 | Lair:4   | 13849 ||| INVOKING Heroism.
 13850 | Lair:4   | 13850 ||| INVOKING Finesse.
 13856 | Lair:4   | 13856 ||| SWAPPING to +0 morningstar.
 13861 | Lair:4   | 13861 ||| SWAPPING to +6 vampiric war axe.
 13979 | Lair:4   | Received a gift from Okawaru
 13992 | Lair:4   | 13992 ||| INVOKING Heroism.
 14008 | Lair:4   | 14008 ||| Stepping ~*~*~tactically~*~*~ (stealth).
 14022 | Lair:4   | 14022 ||| Stepping ~*~*~tactically~*~*~ (stealth).
 14085 | Lair:4   | 14085 ||| INVOKING Heroism.
 14117 | Lair:4   | 14117 ||| INVOKING Heroism.
 14131 | Lair:4   | Gained mutation: Your large and strong wings let you fly.
                  | [Gargoyle growth]
 14131 | Lair:4   | Reached XP level 14. HP: 82/90 MP: 19/21
 14131 | Lair:4   | 14131 ||| Stepping ~*~*~tactically~*~*~ (stealth).
 14132 | Lair:4   | 14132 ||| Stepping ~*~*~tactically~*~*~ (stealth).
 14135 | Lair:4   | 14135 ||| Stepping ~*~*~tactically~*~*~ (stealth).
 14192 | Lair:4   | 14192 ||| Stepping ~*~*~tactically~*~*~ (stealth).
 14239 | Lair:4   | You are sucked into a shaft and drop 1 floor!
 14239 | Lair:5   | Entered Level 5 of the Lair of Beasts
 14320 | Lair:4   | 14320 ||| Stepping ~*~*~tactically~*~*~ (stealth).
 14421 | Lair:4   | 14421 ||| Stepping ~*~*~tactically~*~*~ (hiding).
 14454 | Lair:4   | 14454 ||| INVOKING Heroism.
 14455 | Lair:4   | 14455 ||| INVOKING Finesse.
 14463 | Lair:4   | 14463 ||| SWAPPING to +0 morningstar.
 14481 | Lair:4   | 14481 ||| SWAPPING to +6 vampiric war axe.
 14500 | Lair:4   | 14500 ||| Stepping ~*~*~tactically~*~*~ (stealth).
 14515 | Lair:4   | 14515 ||| Stepping ~*~*~tactically~*~*~ (stealth).
 14579 | Lair:4   | 14579 ||| Stepping ~*~*~tactically~*~*~ (stealth).
 14580 | Lair:4   | 14580 ||| Stepping ~*~*~tactically~*~*~ (stealth).
 14621 | Lair:4   | 14621 ||| Stepping ~*~*~tactically~*~*~ (stealth).
 14935 | Lair:5   | 14935 ||| Stepping ~*~*~tactically~*~*~ (stealth).
 14943 | Lair:5   | 14943 ||| FLEEEEING.
 14944 | Lair:5   | 14944 ||| FLEEEEING.
 14945 | Lair:5   | 14945 ||| STAIRDANCE
 15029 | Lair:5   | Reached skill level 12 in Fighting
 15087 | Lair:5   | 15087 ||| INVOKING Heroism.
 15088 | Lair:5   | 15088 ||| INVOKING Finesse.
 15096 | Lair:5   | 15096 ||| SWAPPING to +0 morningstar.
 15103 | Lair:5   | 15103 ||| SWAPPING to +6 vampiric war axe.
 15159 | Lair:5   | 15159 ||| INVOKING Heroism.
 15160 | Lair:5   | 15160 ||| INVOKING Finesse.
 15215 | Lair:5   | 15215 ||| Stepping ~*~*~tactically~*~*~ (stealth).
 15223 | Lair:5   | 15223 ||| Stepping ~*~*~tactically~*~*~ (stealth).
 15235 | Lair:5   | 15235 ||| INVOKING Heroism.
 15311 | Lair:5   | 15311 ||| INVOKING Heroism.
 15344 | Lair:5   | 15344 ||| Stepping ~*~*~tactically~*~*~ (stealth).
 15370 | Lair:5   | 15370 ||| INVOKING Heroism.
 15371 | Lair:5   | 15371 ||| INVOKING Finesse.
 15389 | Lair:5   | 15389 ||| Stepping ~*~*~tactically~*~*~ (stealth).
 15390 | Lair:5   | 15390 ||| Stepping ~*~*~tactically~*~*~ (stealth).
 15421 | Lair:5   | Received a gift from Okawaru
 15432 | Lair:5   | 15432 ||| INVOKING Heroism.
 15433 | Lair:5   | 15433 ||| SWAPPING to +0 morningstar.
 15442 | Lair:5   | Reached skill level 6 in Throwing
 15442 | Lair:5   | 15442 ||| SWAPPING to +6 vampiric war axe.
 15498 | Lair:5   | Reached skill level 16 in Axes
 15751 | Lair:5   | Found a staircase to the Slime Pits.
 15810 | Lair:5   | 15810 ||| Stepping ~*~*~tactically~*~*~ (stealth).
 15815 | Lair:5   | 15815 ||| Stepping ~*~*~tactically~*~*~ (stealth).
 15817 | Lair:5   | 15817 ||| Stepping ~*~*~tactically~*~*~ (stealth).
 15826 | Lair:5   | 15826 ||| Stepping ~*~*~tactically~*~*~ (stealth).
 15933 | Lair:5   | 15933 ||| Stepping ~*~*~tactically~*~*~ (hiding).
 15936 | Lair:5   | 15936 ||| INVOKING Heroism.
 15937 | Lair:5   | 15937 ||| INVOKING Finesse.
 15995 | Lair:5   | 15995 ||| Stepping ~*~*~tactically~*~*~ (stealth).
 15997 | Lair:5   | 15997 ||| INVOKING Heroism.
 15998 | Lair:5   | 15998 ||| INVOKING Finesse.
 16015 | Lair:5   | 16015 ||| Stepping ~*~*~tactically~*~*~ (hiding).
 16066 | Lair:5   | 16066 ||| Stepping ~*~*~tactically~*~*~ (hiding).
 16067 | Lair:5   | 16067 ||| Stepping ~*~*~tactically~*~*~ (hiding).
 16069 | Lair:5   | 16069 ||| Stepping ~*~*~tactically~*~*~ (hiding).
 16076 | Lair:5   | Received a gift from Okawaru
 16102 | Lair:5   | 16102 ||| Stepping ~*~*~tactically~*~*~ (stealth).
 16104 | Lair:5   | 16104 ||| Stepping ~*~*~tactically~*~*~ (stealth).
 16113 | Lair:5   | 16113 ||| INVOKING Heroism.
 16114 | Lair:5   | 16114 ||| INVOKING Finesse.
 16117 | Lair:5   | 16117 ||| Stepping ~*~*~tactically~*~*~ (stealth).
 16125 | Lair:5   | Reached XP level 15. HP: 96/96 MP: 15/22
 16135 | Lair:5   | Reached skill level 3 in Dodging
 16255 | Lair:5   | 16255 ||| Stepping ~*~*~tactically~*~*~ (stealth).
 16313 | Lair:5   | 16313 ||| INVOKING Heroism.
 16693 | Lair:5   | 16693 ||| PLANNING D
 16792 | D:12     | Found the +8 trident of the Octopus King {venom, rElec
                  | rPois}
 16858 | D:12     | Received a gift from Okawaru
 16935 | D:12     | 16935 ||| Stepping ~*~*~tactically~*~*~ (hiding).
 16963 | D:12     | 16963 ||| Stepping ~*~*~tactically~*~*~ (hiding).
 17325 | D:12     | 17325 ||| Stepping ~*~*~tactically~*~*~ (hiding).
 17357 | D:12     | 17357 ||| INVOKING Heroism.
 17416 | D:12     | 17416 ||| Stepping ~*~*~tactically~*~*~ (stealth).
 17419 | D:12     | 17419 ||| Stepping ~*~*~tactically~*~*~ (stealth).
 17420 | D:12     | 17420 ||| Stepping ~*~*~tactically~*~*~ (stealth).
 17637 | D:13     | Found Vuow's Weapon Boutique.
 17737 | D:13     | 17737 ||| READING scroll of enchant weapon.
 17737 | D:13     | 17737 ||| ENCHANTING +6 vampiric war axe.
 17741 | D:13     | Found Wussil's Jewellery Boutique.
 17746 | D:13     | 17746 ||| BUYING +6 ring of strength (648 gold).
 17746 | D:13     | Bought a +6 ring of strength for 648 gold pieces
 17746 | D:13     | 17746 ||| BUYING amulet of reflection (540 gold).
 17746 | D:13     | Bought an amulet of reflection for 540 gold pieces
 17746 | D:13     | 17746 ||| BUYING ring of ice (450 gold).
 17746 | D:13     | Bought a ring of ice for 450 gold pieces
 17746 | D:13     | 17746 ||| SHOPLISTING ring of protection from cold (450
                  | gold, have 267).
 17817 | D:13     | Found a gate to the Vaults.
 17818 | D:13     | 17818 ||| INVOKING Heroism.
 17819 | D:13     | 17819 ||| SWAPPING to +0 morningstar.
 17820 | D:13     | 17820 ||| INVOKING Finesse.
 17827 | D:13     | 17827 ||| SWAPPING to +7 vampiric war axe.
 17833 | D:13     | Received a gift from Okawaru
 17844 | D:13     | 17844 ||| DRINKING 15 potions of curing.
 17844 | D:13     | 17844 ||| (to cure confusion)
 17845 | D:13     | 17845 ||| DRINKING 14 potions of curing.
 17845 | D:13     | 17845 ||| (to cure confusion)
 17847 | D:13     | 17847 ||| DRINKING 13 potions of curing.
 17847 | D:13     | 17847 ||| (to cure confusion)
 17852 | D:13     | 17852 ||| DRINKING 12 potions of curing.
 17852 | D:13     | 17852 ||| (to cure confusion)
 17869 | D:13     | Reached skill level 9 in Shields
 17946 | D:13     | Found Buvvan's Assorted Antiques.
 17954 | D:13     | 17954 ||| BUYING blackened onyx ring (160 gold).
 17954 | D:13     | Bought a blackened onyx ring for 160 gold pieces
 17954 | D:13     | 17954 ||| SHOPLISTING helmet (144 gold, have 121).
 17954 | D:13     | 17954 ||| BUYING scroll of teleportation (96 gold).
 17954 | D:13     | Bought a scroll of teleportation for 96 gold pieces
 17992 | D:13     | Found Ysopnuthri's Antique Armour Emporium.
 18000 | D:13     | 18000 ||| SHOPLISTING cloak (121 gold, have 33).
 18000 | D:13     | 18000 ||| SHOPLISTING pair of gloves (121 gold, have 33).
 18004 | D:13     | 18004 ||| Stepping ~*~*~tactically~*~*~ (stealth).
 18006 | D:13     | 18006 ||| Stepping ~*~*~tactically~*~*~ (hiding).
 18008 | D:13     | 18008 ||| Stepping ~*~*~tactically~*~*~ (hiding).
 18009 | D:13     | 18009 ||| Stepping ~*~*~tactically~*~*~ (hiding).
 18010 | D:13     | 18010 ||| Stepping ~*~*~tactically~*~*~ (hiding).
 18011 | D:13     | 18011 ||| FLEEEEING.
 18012 | D:13     | 18012 ||| INVOKING Heroism.
 18028 | D:13     | Received a gift from Okawaru
 18131 | D:13     | 18131 ||| Stepping ~*~*~tactically~*~*~ (hiding).
 18226 | D:13     | Found a runed translucent gate.
 18226 | D:13     | Found a runed translucent gate.
 18226 | D:13     | Found a runed translucent gate.
 18227 | D:13     | Noticed a lich
 18228 | D:13     | Found an ancient bone altar of Kikubaaqudgha.
 18228 | D:13     | Noticed a lich
 18228 | D:13     | Noticed Mallanif's ghost (journeyman GnTm)
 18228 | D:13     | Noticed Xuta's ghost (journeyman FoFi)
 18228 | D:13     | Noticed a lich
 18287 | D:13     | Found Xaih's Antique Weapon Boutique.
 18405 | D:13     | 18405 ||| DROPPING orb of wrath.
 18406 | D:13     | 18406 ||| DROPPING ring of willpower.
 18407 | D:13     | 18407 ||| DROPPING ring of ice.
 18408 | D:13     | 18408 ||| UPGRADING to +6 ring of strength.
 18449 | D:14     | 18449 ||| Stepping ~*~*~tactically~*~*~ (stealth).
 18450 | D:14     | 18450 ||| Stepping ~*~*~tactically~*~*~ (stealth).
 18531 | D:14     | 18531 ||| FLEEEEING.
 18532 | D:14     | 18532 ||| FLEEEEING.
 18533 | D:14     | 18533 ||| FLEEEEING.
 18534 | D:14     | 18534 ||| FLEEEEING.
 18539 | D:14     | 18539 ||| STAIRDANCE
 18691 | D:14     | 18691 ||| INVOKING Heroism.
 18692 | D:14     | 18692 ||| INVOKING Finesse.
 18838 | D:14     | Noticed Rupert
 18839 | D:14     | 18839 ||| INVOKING Heroism.
 18840 | D:14     | 18840 ||| DRINKING 11 potions of curing.
 18840 | D:14     | 18840 ||| (to cure confusion)
 18841 | D:14     | 18841 ||| INVOKING Finesse.
 18850 | D:14     | Killed Rupert
 18850 | D:14     | Received a gift from Okawaru
 18983 | D:14     | Identified the ring of the Turtle {Str+6 SInv}
 19159 | D:14     | 19159 ||| UPGRADING to +0 helmet.
 19164 | D:14     | 19164 ||| UPGRADING to ring of the Turtle {Str+6 SInv}.
 19166 | D:14     | 19166 ||| DROPPING +6 ring of strength.
 19188 | D:15     | Entered Level 15 of the Dungeon
 19190 | D:15     | Noticed Agnes
 19191 | D:15     | 19191 ||| INVOKING Heroism.
 19192 | D:15     | 19192 ||| INVOKING Finesse.
 19202 | D:15     | Killed Agnes
 19202 | D:15     | Received a gift from Okawaru
 19279 | D:15     | 19279 ||| INVOKING Heroism.
 19304 | D:15     | Received a gift from Okawaru
 19440 | D:15     | 19440 ||| INVOKING Heroism.
 19448 | D:15     | Reached skill level 12 in Armour
 19567 | D:15     | 19567 ||| FLEEEEING.
 19568 | D:15     | 19568 ||| FLEEEEING.
 19569 | D:15     | 19569 ||| FLEEEEING.
 19570 | D:15     | 19570 ||| FLEEEEING.
 19571 | D:15     | 19571 ||| FLEEEEING.
 19572 | D:15     | 19572 ||| FLEEEEING.
 19573 | D:15     | 19573 ||| FLEEEEING.
 19574 | D:15     | 19574 ||| FLEEEEING.
 19575 | D:15     | 19575 ||| FLEEEEING.
 19576 | D:15     | 19576 ||| FLEEEEING.
 19577 | D:15     | 19577 ||| FLEEEEING.
 19578 | D:15     | 19578 ||| STAIRDANCE
 19685 | D:15     | 19685 ||| STAIRDANCE
 19698 | D:15     | 19698 ||| Stepping ~*~*~tactically~*~*~ (hiding).
 19720 | D:15     | Reached XP level 16. HP: 99/106 MP: 23/23
 19944 | D:15     | Found a staircase to the Depths.
 19945 | D:15     | 19945 ||| INVOKING Heroism.
 20246 | D:15     | 20246 ||| PLANNING ORC
 20399 | Orc:1    | Entered Level 1 of the Orcish Mines
 20404 | Orc:1    | Found a frozen archway.
 20426 | Orc:1    | 20426 ||| Stepping ~*~*~tactically~*~*~ (hiding).
 20427 | Orc:1    | 20427 ||| Stepping ~*~*~tactically~*~*~ (hiding).
 20459 | Orc:1    | 20459 ||| Stepping ~*~*~tactically~*~*~ (hiding).
 20465 | Orc:1    | 20465 ||| Stepping ~*~*~tactically~*~*~ (hiding).
 20469 | Orc:1    | 20469 ||| INVOKING Heroism.
 20472 | Orc:1    | 20472 ||| Stepping ~*~*~tactically~*~*~ (hiding).
 20473 | Orc:1    | 20473 ||| Stepping ~*~*~tactically~*~*~ (hiding).
 20483 | Orc:1    | 20483 ||| Stepping ~*~*~tactically~*~*~ (stealth).
 20712 | Orc:1    | 20712 ||| Stepping ~*~*~tactically~*~*~ (hiding).
 20785 | Orc:2    | Entered Level 2 of the Orcish Mines
 20881 | Orc:2    | Found a staircase to the Elven Halls.
 20996 | Orc:2    | Found Titoheur's Book Shoppe.
 21000 | Orc:2    | Identified the +1 robe "Vupoal" {Str+3} (Okawaru gifted it
                  | to you on level 2 of the Orcish Mines)
 21000 | Orc:2    | Received a gift from Okawaru
 21312 | Orc:2    | 21312 ||| UPGRADING to +1 plate armour of poison
                  | resistance.
 21322 | Orc:2    | 21322 ||| DROPPING +0 plate armour.
 21333 | Orc:1    | 21333 ||| Stepping ~*~*~tactically~*~*~ (stealth).
 21334 | Orc:1    | 21334 ||| Stepping ~*~*~tactically~*~*~ (stealth).
 21335 | Orc:1    | 21335 ||| Stepping ~*~*~tactically~*~*~ (stealth).
 21357 | Orc:1    | Found a runed translucent door.
 21404 | Orc:1    | You are sucked into a shaft and drop 1 floor!
 21447 | Orc:2    | Noticed Donald
 21448 | Orc:2    | 21448 ||| INVOKING Heroism.
 21449 | Orc:2    | 21449 ||| INVOKING Finesse.
 21470 | Orc:2    | Killed Donald
 21545 | Orc:1    | Noticed Ciata's ghost (journeyman MiBe)
 21570 | Orc:2    | 21570 ||| DROPPING +0 morningstar.
 21823 | Orc:2    | 21823 ||| INVOKING Heroism.
 21829 | Orc:2    | 21829 ||| INVOKING Finesse.
 21837 | Orc:2    | Paralysed by an orc sorcerer for 5 turns
 21851 | Orc:2    | Reached skill level 15 in Fighting
 21851 | Orc:2    | Found Puusa Diylu's Antique Weapon Shop.
 21912 | Orc:2    | Found Jahunom's Antique Armour Boutique.
 21927 | Orc:2    | 21927 ||| BUYING brightly glowing chain mail (218 gold).
 21927 | Orc:2    | Bought a brightly glowing chain mail for 218 gold pieces
 21927 | Orc:2    | Identified the +1 chain mail of the Crafting Gods {Regen+
                  | Dex+4} (You bought it in a shop on level 2 of the Orcish
                  | Mines)
 21991 | Orc:2    | 21991 ||| Stepping ~*~*~tactically~*~*~ (hiding).
 21992 | Orc:2    | 21992 ||| Stepping ~*~*~tactically~*~*~ (hiding).
 22004 | Orc:2    | 22004 ||| INVOKING Heroism.
 22019 | Orc:2    | Found Esavit's Antique Weapon Shoppe.
 22075 | Orc:2    | 22075 ||| PLANNING SWAMP:1-3
 22075 | Orc:2    | 22075 ||| UPGRADING to +0 kite shield of reflection.
 22085 | Orc:2    | 22085 ||| DROPPING +0 buckler.
 22086 | Orc:2    | 22086 ||| UPGRADING to +1 chain mail of the Crafting Gods
                  | {Regen+ Dex+4}.
 22096 | Orc:2    | 22096 ||| DROPPING +1 plate armour of poison resistance.
 22215 | Swamp:1  | Entered Level 1 of the Swamp
 22216 | Swamp:1  | 22216 ||| INVOKING Heroism.
 22238 | Swamp:1  | 22238 ||| READING scroll of enchant weapon.
 22238 | Swamp:1  | 22238 ||| ENCHANTING +7 vampiric war axe.
 22245 | Swamp:1  | 22245 ||| Stepping ~*~*~tactically~*~*~ (hiding).
 22247 | Swamp:1  | Found a runed translucent gate.
 22247 | Swamp:1  | Found a runed translucent gate.
 22247 | Swamp:1  | Found a runed translucent gate.
 22256 | Swamp:1  | Noticed qw's ghost (adept GrFi)
 22317 | Swamp:1  | 22317 ||| Stepping ~*~*~tactically~*~*~ (stealth).
 22318 | Swamp:1  | 22318 ||| INVOKING Heroism.
 22337 | Swamp:1  | 22337 ||| Stepping ~*~*~tactically~*~*~ (stealth).
 22340 | Swamp:1  | 22340 ||| INVOKING Finesse.
 22343 | Swamp:1  | 22343 ||| SWAPPING to +0 eveningstar.
 22346 | Swamp:1  | 22346 ||| SWAPPING to +8 vampiric war axe.
 22347 | Swamp:1  | 22347 ||| Stepping ~*~*~tactically~*~*~ (stealth).
 22354 | Swamp:1  | 22354 ||| SWAPPING to +0 eveningstar.
 22362 | Swamp:1  | 22362 ||| SWAPPING to +8 vampiric war axe.
 22366 | Swamp:1  | 22366 ||| Stepping ~*~*~tactically~*~*~ (stealth).
 22367 | Swamp:1  | 22367 ||| Stepping ~*~*~tactically~*~*~ (stealth).
 22375 | Swamp:1  | 22375 ||| Stepping ~*~*~tactically~*~*~ (stealth).
 22376 | Swamp:1  | 22376 ||| Stepping ~*~*~tactically~*~*~ (stealth).
 22377 | Swamp:1  | 22377 ||| Stepping ~*~*~tactically~*~*~ (stealth).
 22382 | Swamp:1  | 22382 ||| Stepping ~*~*~tactically~*~*~ (hiding).
 22397 | Swamp:1  | 22397 ||| INVOKING Heroism.
 22470 | Swamp:1  | 22470 ||| INVOKING Heroism.
 22568 | Swamp:1  | 22568 ||| INVOKING Heroism.
 22641 | Swamp:1  | 22641 ||| Stepping ~*~*~tactically~*~*~ (hiding).
 22642 | Swamp:1  | 22642 ||| Stepping ~*~*~tactically~*~*~ (hiding).
 22643 | Swamp:1  | 22643 ||| Stepping ~*~*~tactically~*~*~ (stealth).
 22795 | Swamp:1  | 22795 ||| INVOKING Heroism.
 22992 | Swamp:1  | 22992 ||| READING 6 scrolls of identify.
 22992 | Swamp:1  | 22992 ||| IDENTIFYING smoky orange potion
 22993 | Swamp:1  | 22993 ||| DROPPING potion of berserk rage.
 23020 | Swamp:2  | Noticed Jorgrun
 23021 | Swamp:2  | 23021 ||| Stepping ~*~*~tactically~*~*~ (hiding).
 23024 | Swamp:2  | 23024 ||| INVOKING Heroism.
 23038 | Swamp:2  | Killed Jorgrun
 23039 | Swamp:2  | Reached skill level 12 in Shields
 23058 | Swamp:2  | Received a gift from Okawaru
 23064 | Swamp:2  | 23064 ||| INVOKING Heroism.
 23064 | Swamp:2  | Noticed a thorn hunter
 23067 | Swamp:2  | 23067 ||| SWAPPING to +0 eveningstar.
 23073 | Swamp:2  | 23073 ||| SWAPPING to +8 vampiric war axe.
 23077 | Swamp:2  | 23077 ||| SWAPPING to +0 eveningstar.
 23087 | Swamp:2  | 23087 ||| SWAPPING to +8 vampiric war axe.
 23092 | Swamp:2  | Killed a thorn hunter
 23104 | Swamp:2  | 23104 ||| READING scroll of enchant weapon.
 23104 | Swamp:2  | 23104 ||| ENCHANTING +8 vampiric war axe.
 23119 | Swamp:2  | 23119 ||| INVOKING Heroism.
 23121 | Swamp:2  | 23121 ||| SWAPPING to +0 eveningstar.
 23127 | Swamp:2  | 23127 ||| SWAPPING to +9 vampiric war axe.
 23132 | Swamp:2  | Received a gift from Okawaru
 23465 | Swamp:2  | 23465 ||| INVOKING Heroism.
 23484 | Swamp:2  | 23484 ||| Stepping ~*~*~tactically~*~*~ (stealth).
 23494 | Swamp:2  | 23494 ||| Stepping ~*~*~tactically~*~*~ (hiding).
 23672 | Swamp:3  | Noticed a thorn hunter
 23673 | Swamp:3  | 23673 ||| INVOKING Heroism.
 23674 | Swamp:3  | 23674 ||| INVOKING Finesse.
 23680 | Swamp:3  | Reached XP level 17. HP: 113/113 MP: 16/24
 23687 | Swamp:3  | Received a gift from Okawaru
 23732 | Swamp:3  | 23732 ||| SWAPPING to +0 eveningstar.
 23735 | Swamp:3  | 23735 ||| SWAPPING to +9 vampiric war axe.
 23802 | Swamp:3  | 23802 ||| Stepping ~*~*~tactically~*~*~ (hiding).
 23803 | Swamp:3  | 23803 ||| Stepping ~*~*~tactically~*~*~ (hiding).
 23804 | Swamp:3  | 23804 ||| Stepping ~*~*~tactically~*~*~ (hiding).
 23826 | Swamp:3  | 23826 ||| INVOKING Heroism.
 23834 | Swamp:3  | 23834 ||| SWAPPING to +0 eveningstar.
 23839 | Swamp:3  | 23839 ||| SWAPPING to +9 vampiric war axe.
 23840 | Swamp:3  | 23840 ||| Stepping ~*~*~tactically~*~*~ (hiding).
 23874 | Swamp:3  | 23874 ||| Stepping ~*~*~tactically~*~*~ (stealth).
 23898 | Swamp:3  | 23898 ||| Stepping ~*~*~tactically~*~*~ (hiding).
 23901 | Swamp:3  | 23901 ||| Stepping ~*~*~tactically~*~*~ (hiding).
 23919 | Swamp:3  | 23919 ||| INVOKING Heroism.
 23929 | Swamp:3  | Reached skill level 6 in Dodging
 23997 | Swamp:3  | 23997 ||| INVOKING Heroism.
 24188 | Swamp:3  | 24188 ||| PLANNING SNAKE:1-3
 24188 | Swamp:3  | 24188 ||| READING scroll labelled KYTIUCO XEATOG.
 24353 | Snake:1  | Entered Level 1 of the Snake Pit
 24354 | Snake:1  | 24354 ||| Stepping ~*~*~tactically~*~*~ (hiding).
 24355 | Snake:1  | 24355 ||| Stepping ~*~*~tactically~*~*~ (hiding).
 24357 | Snake:1  | 24357 ||| Stepping ~*~*~tactically~*~*~ (hiding).
 24373 | Snake:1  | 24373 ||| INVOKING Heroism.
 24380 | Snake:1  | 24380 ||| Stepping ~*~*~tactically~*~*~ (hiding).
 24381 | Snake:1  | 24381 ||| Stepping ~*~*~tactically~*~*~ (hiding).
 24385 | Snake:1  | 24385 ||| Stepping ~*~*~tactically~*~*~ (hiding).
 24386 | Snake:1  | 24386 ||| Stepping ~*~*~tactically~*~*~ (hiding).
 24415 | Snake:1  | 24415 ||| Stepping ~*~*~tactically~*~*~ (hiding).
 24444 | Snake:1  | 24444 ||| Stepping ~*~*~tactically~*~*~ (hiding).
 24483 | Snake:1  | 24483 ||| Stepping ~*~*~tactically~*~*~ (stealth).
 24484 | Snake:1  | 24484 ||| Stepping ~*~*~tactically~*~*~ (stealth).
 24498 | Snake:1  | 24498 ||| Stepping ~*~*~tactically~*~*~ (hiding).
 24577 | Snake:1  | 24577 ||| Stepping ~*~*~tactically~*~*~ (hiding).
 24591 | Snake:1  | Received a gift from Okawaru
 24706 | Snake:1  | Found Dilutaulo's Book Emporium.
 24708 | Snake:1  | Found Daolomuf's Distillery.
 24711 | Snake:1  | Found Ununnuto's Antique Weapon Emporium.
 24717 | Snake:1  | 24717 ||| BUYING potion of curing (57 gold).
 24717 | Snake:1  | Bought a potion of curing for 57 gold pieces
 24717 | Snake:1  | 24717 ||| BUYING potion of curing (57 gold).
 24717 | Snake:1  | Bought a potion of curing for 57 gold pieces
 24717 | Snake:1  | 24717 ||| BUYING potion of haste (190 gold).
 24717 | Snake:1  | Bought a potion of haste for 190 gold pieces
 24717 | Snake:1  | 24717 ||| BUYING potion of heal wounds (95 gold).
 24717 | Snake:1  | Bought a potion of heal wounds for 95 gold pieces
 24717 | Snake:1  | 24717 ||| BUYING potion of might (76 gold).
 24717 | Snake:1  | Bought a potion of might for 76 gold pieces
 24717 | Snake:1  | 24717 ||| BUYING potion of might (76 gold).
 24717 | Snake:1  | Bought a potion of might for 76 gold pieces
 24717 | Snake:1  | 24717 ||| BUYING potion of mutation (152 gold).
 24717 | Snake:1  | Bought a potion of mutation for 152 gold pieces
 24794 | Snake:1  | 24794 ||| Stepping ~*~*~tactically~*~*~ (hiding).
 24796 | Snake:1  | 24796 ||| Stepping ~*~*~tactically~*~*~ (hiding).
 25047 | Snake:1  | 25047 ||| UPGRADING to +2 pair of gloves of dexterity.
 25052 | Snake:1  | 25052 ||| DROPPING amulet of regeneration.
 25053 | Snake:1  | 25053 ||| READING scroll labelled JIOGHY IZABE.
 25139 | Snake:2  | 25139 ||| Stepping ~*~*~tactically~*~*~ (stealth).
 25212 | Snake:2  | You are sucked into a shaft and drop 1 floor!
 25220 | Snake:3  | 25220 ||| INVOKING Heroism.
 25445 | Snake:3  | Reached skill level 9 in Throwing
 25472 | Snake:3  | 25472 ||| Stepping ~*~*~tactically~*~*~ (hiding).
 25583 | Snake:3  | 25583 ||| Stepping ~*~*~tactically~*~*~ (hiding).
 25608 | Snake:3  | Reached skill level 15 in Shields
 25618 | Snake:3  | 25618 ||| INVOKING Heroism.
 25637 | Snake:2  | 25637 ||| Stepping ~*~*~tactically~*~*~ (hiding).
 25639 | Snake:2  | 25639 ||| Stepping ~*~*~tactically~*~*~ (hiding).
 26029 | Snake:2  | 26029 ||| Stepping ~*~*~tactically~*~*~ (hiding).
 26076 | Snake:2  | 26076 ||| Stepping ~*~*~tactically~*~*~ (stealth).
 26166 | Snake:2  | Found Wayror's Antique Armour Shoppe.
 26166 | Snake:2  | Found Luebaix's Antique Armour Shoppe.
 26171 | Snake:2  | Found Ugrifid's Armour Shoppe.
 26172 | Snake:2  | Found Nonwych's Antique Weapon Shoppe.
 26179 | Snake:2  | 26179 ||| BUYING encrusted chain mail (294 gold).
 26179 | Snake:2  | Bought an encrusted chain mail for 294 gold pieces
 26179 | Snake:2  | Identified the +2 chain mail of Honour {rF+ Regen+} (You
                  | bought it in a shop on level 2 of the Snake Pit)
 26187 | Snake:2  | 26187 ||| BUYING +1 pair of boots of flying (264 gold).
 26187 | Snake:2  | Bought a +1 pair of boots of flying for 264 gold pieces
 26187 | Snake:2  | 26187 ||| SHOPLISTING +7 chain mail of ponderousness (264
                  | gold, have 162).
 26225 | Snake:2  | 26225 ||| Stepping ~*~*~tactically~*~*~ (stealth).
 26227 | Snake:2  | 26227 ||| Stepping ~*~*~tactically~*~*~ (hiding).
 26229 | Snake:2  | 26229 ||| Stepping ~*~*~tactically~*~*~ (hiding).
 26234 | Snake:2  | 26234 ||| INVOKING Heroism.
 26530 | Snake:2  | 26530 ||| DROPPING +1 chain mail of fire resistance.
 26531 | Snake:2  | 26531 ||| UPGRADING to +2 chain mail of Honour {rF+
                  | Regen+}.
 26541 | Snake:2  | 26541 ||| UPGRADING to +1 pair of boots of flying.
 26551 | Snake:2  | 26551 ||| DROPPING +0 pair of boots.
 26552 | Snake:2  | 26552 ||| UPGRADING to +0 tower shield of protection.
 26562 | Snake:2  | 26562 ||| DROPPING +0 kite shield of reflection.
 26650 | Snake:3  | 26650 ||| Stepping ~*~*~tactically~*~*~ (stealth).
 26961 | Snake:3  | Received a gift from Okawaru
 26962 | Snake:3  | Reached XP level 18. HP: 120/120 MP: 25/25
 26962 | Snake:3  | 26962 ||| DROPPING +0 eveningstar.
 27401 | Snake:3  | 27401 ||| PLANNING SWAMP:4
 27669 | Swamp:4  | Entered Level 4 of the Swamp
 27670 | Swamp:4  | 27670 ||| INVOKING Heroism.
 27715 | Swamp:4  | HP: 27/120 [13-headed hydra (6)]
 27716 | Swamp:4  | 27716 ||| READING 14 scrolls of teleportation.
 27716 | Swamp:4  | HP: 13/120 [15-headed hydra (3)]
 27716 | Swamp:4  | HP: 3/120 [13-headed hydra (8)]
 27716 | Swamp:4  | Mangled by a 13-headed hydra

Levels and vault maps discovered:
D:1:      eino_arrival_tree_alley, layout_basic, chequers_serial_rivers_micro_d,
          minmay_misc_feat_cross, minmay_cupped
D:2:      layout_basic, ebering_ecumenical_altar_ruins
D:3:      layout_basic, slow_altar_2, dancing_weapons_uskayaw,
          lemuel_doored_altar, nicolae_gozag_cash_rules_everything_around_me,
          mainiacjoe_overflow_alcove_4, hangedman_decor_riveting,
          minmay_quantized
D:4:      layout_loops_corners, serial_forest, infiniplex_forest_zigzag_1,
          infiniplex_forest_lined_4_way, infiniplex_forest_clump_small,
          infiniplex_forest_straight_1, infiniplex_forest_straight_5,
          infiniplex_forest_split, infiniplex_forest_lined_corner,
          infiniplex_forest_lined_room_3, grunt_ministairs_3,
          chequers_arboretum, nrook_mini_vaults, lightli_minifort
D:5:      minmay_polygon_palace, layout_basic, nemelex_altar_shiori,
          minmay_temple_entry_grid, serial_shops, nicolae_shop_peninsula,
          serial_corexii_hall, chequers_hall_statues_wall_a,
          chequers_hall_statues_y, corexii_hall_statues_deadend
D:6:      layout_cave_pools, marbit_many_paths, mainiacjoe_overflow_boulevard,
          st_stairs_14, minmay_unpleasant_kobolds
D:7:      layout_gridville, old_standard_altar, corexii_checkpoint_b
D:8:      layout_loops_cross, zin_treasury, mainiacjoe_overflow_cross_hatched
D:9:      layout_roguey, elyvilon_altar_4, hiddenorc1_lemuel,
          gammafunk_ghost_stat_death, minmay_misc_feat_square, uniq_erica
D:10:     lemuel_reptile_caves, layout_rooms, kennysheep_okawaru_gauntlet
D:11:     layout_roguey, dpeg_lair_monsters, uniq_psyche
D:12:     layout_long_grid
D:13:     layout_cave_pools, lightli_vaults_fourway_checkpoint, serial_shops,
          nicolae_shop_bloodbath_and_beyond, nicolae_shop_rolling_square,
          nicolae_lakefront_shop, shop, shop, gammafunk_ghost_crypt
D:14:     layout_rooms, nicolae_lava_and_water, uniq_rupert
D:15:     grunt_enter_depths_snipers, layout_cave_pools, uniq_agnes
Temple:   kb_temple_of_zot
Lair:1:   layout_gridlike, chequers_serial_rivers_room_a, minmay_holes,
          grunt_megastairs_5
Lair:2:   lemuel_slime, layout_regular_city, minmay_swamp_entry_reptiles
Lair:3:   kb_forest_paths, layout_gridlike, dummy_snake_entry,
          gauntlet_entry_generic, uniq_gastronok
Lair:4:   layout_roguey, special_room [special_room_mythical_zoo]
Lair:5:   evilmike_catoblepas_cave, layout_concentric_octagons,
          dpeg_slime_entry_enclosed, lemuel_fruit_tree, grunt_megastairs_2
Swamp:1:  layout_falls_marsh, gammafunk_ghost_hydra_chop,
          evilmike_swamp_ruin_rubble_1, swamp_pool1
Swamp:2:  layout_falls_marsh, nicolae_swamp_little_swirl, uniq_jorgrun
Swamp:3:  layout_basic_swamp, evilmike_swamp_ruin_rubble_2
Swamp:4:  swamp, layout_basic_swamp, swamp_pool1
Snake:1:  layout_misc_corridors, minmay_shop_star
Snake:2:  layout_honeycomb, minmay_shop_grid_forest
Snake:3:  layout_layer_cave
Orc:1:    layout_caves, portal_ice_cave_rime, ebering_ghost_reflecting_pool,
          bh_open_orc_temple
Orc:2:    grunt_orc_community_town_hall, layout_caves,
          grunt_orc_community_big_house_1, grunt_orc_community_big_house_1,
          grunt_orc_community_house_3, grunt_orc_community_house_3,
          grunt_orc_community_house_3, grunt_orc_community_house_3, uniq_donald

Skill      XL: |  1  2  3  4  5  6  7  8  9 10 11 12 13 14 15 16 17 |
---------------+----------------------------------------------------+-----
Axes           | 2 3 4 5 6 7 8 10 11 12 14 15 16 | 16.0
Fighting       | 4 5 6 7 9 10 11 12 14 15 | 15.6
Dodging        | 1 2 3 4 7 |  7.0
Armour         | 5 6 7 8 9 10 11 12 13 | 13.0
Throwing       | 1 2 3 6 8 9 |  9.0
Shields        | 4 5 6 7 8 9 13 15 | 15.9
Invocations    | 4 5 9 10 | 10.0

Action                     |  1- 3 |  4- 6 |  7- 9 | 10-12 | 13-15 | 16-18 || total
---------------------------+-------+-------+-------+-------+-------+-------++-------
  Melee: War axe           |    91 |   120 |   235 |   645 |   965 |   950 ||  3006
         Hand axe          |       |       |   162 |       |       |       ||   162
         Morningstar       |       |       |       |    21 |    51 |       ||    72
         Eveningstar       |       |       |       |       |       |    34 ||    34
  Throw: Boomerang         |       |       |    41 |    86 |    74 |       ||   201
         Javelin           |       |       |       |       |    86 |    84 ||   170
 Invoke: Heroism           |       |       |       |    15 |    32 |    24 ||    71
         Finesse           |       |       |       |       |    16 |     4 ||    20
    Use: Scroll            |     9 |     3 |     7 |     9 |     3 |     6 ||    37
         Potion            |     3 |     2 |       |     4 |     7 |       ||    16
   Stab: Petrifying        |       |       |       |       |     1 |       ||     1
         Petrified         |       |       |       |       |     1 |       ||     1
         Confused          |       |       |       |       |       |     1 ||     1
 Armour: Scale mail        |    40 |    24 |       |       |       |       ||    64
         Chain mail        |       |    40 |   128 |       |       |   615 ||   783
         Plate armour      |       |       |   166 |   408 |   565 |    81 ||  1220
  Dodge: Dodged            |    52 |    54 |   157 |   175 |   299 |   479 ||  1216
         Repelled          |       |       |     1 |     3 |     9 |    24 ||    37
  Block: Buckler           |    11 |    32 |    74 |   122 |   236 |    40 ||   515
         Kite shield       |       |       |       |       |       |   331 ||   331
         Reflection        |       |       |       |       |       |    28 ||    28
         Tower shield      |       |       |       |       |       |   236 ||   236

Table legend:
 A = Non-vault XP
 B = Vault XP
 C = Vault XP percentage of total XP
 D = Non-vault monster count
 E = Vault monster count
 F = Vault count percentage of total count
                 A         B        C        D         E       F
            +---------+---------+-------+---------+---------+-------
      Total |  187468 |   62895 |  25.1 |     644 |     300 |  31.8
            +---------+---------+-------+---------+---------+-------
        D:1 |      36 |       6 |  14.3 |      13 |       3 |  18.8
        D:2 |      22 |       0 |   0.0 |      13 |       0 |   0.0
        D:3 |      60 |      87 |  59.2 |      17 |       5 |  22.7
        D:4 |     353 |     162 |  31.5 |      22 |       8 |  26.7
        D:5 |     815 |     621 |  43.2 |      29 |      14 |  32.6
        D:6 |     865 |     351 |  28.9 |      14 |       9 |  39.1
        D:7 |    1522 |       4 |   0.3 |      25 |       2 |   7.4
        D:8 |     848 |       0 |   0.0 |      10 |       0 |   0.0
        D:9 |    3599 |    1005 |  21.8 |      24 |      18 |  42.9
       D:10 |    1177 |    3464 |  74.6 |       9 |      35 |  79.5
       D:11 |    2364 |    3710 |  61.1 |      23 |      15 |  39.5
       D:12 |    3630 |       0 |   0.0 |      24 |       0 |   0.0
       D:13 |    5144 |    6946 |  57.5 |      16 |      12 |  42.9
       D:14 |    4678 |    1753 |  27.3 |      14 |       1 |   6.7
       D:15 |   14462 |    4092 |  22.1 |      30 |       4 |  11.8
     Lair:1 |    1958 |     973 |  33.2 |       9 |       5 |  35.7
     Lair:2 |    5376 |    1900 |  26.1 |      11 |      22 |  66.7
     Lair:3 |    6741 |    7280 |  51.9 |      25 |      22 |  46.8
     Lair:4 |   11933 |    3325 |  21.8 |      37 |      15 |  28.8
     Lair:5 |   18894 |   11372 |  37.6 |      55 |      27 |  32.9
    Swamp:1 |   20656 |       0 |   0.0 |      36 |       0 |   0.0
    Swamp:2 |   12890 |    1986 |  13.4 |      21 |       1 |   4.5
    Swamp:3 |   23871 |       0 |   0.0 |      35 |       0 |   0.0
    Swamp:4 |     385 |    4411 |  92.0 |       2 |       8 |  80.0
    Snake:1 |    8679 |       0 |   0.0 |      17 |       0 |   0.0
    Snake:2 |   10364 |       0 |   0.0 |      19 |       0 |   0.0
    Snake:3 |   21906 |       0 |   0.0 |      43 |       0 |   0.0
      Orc:1 |    1878 |    1545 |  45.1 |      22 |       5 |  18.5
      Orc:2 |    2362 |    7902 |  77.0 |      29 |      69 |  70.4
            +---------+---------+-------+---------+---------+-------
